Map: Heavy Artillery LE

Players

Isti

  • Race: Terran Terran
  • Spawn Location: 7:00

IzomSakál

  • Race: Zerg Zerg
  • Spawn Location: 7:00

Nyck

  • Race: Terran Terran
  • Spawn Location: 3:00

Ekelpack

  • Race: Zerg Zerg
  • Spawn Location: 1:00

VOD

Have the link to the VOD?

Description

Time

  • Played on: Aug. 20, 2024, 2:27 p.m.
  • Length: 28:36
Show
View Real Time Build Order
Export as new Build Order

Isti Terran 

Build Orders:  

Get SALT Encoding   

  12  0:05  SCV  
  13  0:18  Supply Depot  
  13  0:26  SCV  
  14  0:38  SCV  
  15  0:47  Supply Depot  
  15  0:50  SCV  
  16  1:02  SCV  
  17  1:11  Barracks  
  17  1:14  SCV  
  18  1:23  Refinery  
  18  1:26  SCV, Refinery  
  19  1:38  SCV, Engineering Bay  
  20  1:50  SCV  
  21  1:59  Supply Depot  
  21  2:13  Orbital Command  
  21  2:27  Command Center  
  21  2:33  Barracks Reactor  
  21  2:38  Factory  
  21  3:13  Marine  
  21  3:14  Marine  
  23  3:20  Terran Infantry Weapons Level 1  
  23  3:31  Marine x2, Factory Tech Lab  
  25  3:40  Starport  
  25  3:48  Starport  
  25  3:49  Marine x2  
  25  3:51  SCV  
  28  4:03  SCV  
  28  4:07  Marine x2  
  31  4:13  Siege Tank  
  31  4:15  SCV  
  35  4:25  SCV  
  36  4:37  SCV  
  37  4:43  Supply Depot  
  37  4:44  Supply Depot  
  37  4:45  Siege Tank  
  40  4:46  Starport Tech Lab  
  40  4:47  Starport Tech Lab  
  40  4:49  SCV  
  41  4:57  Fusion Core  
  41  5:04  Orbital Command  
  41  5:08  Refinery  
  41  5:10  Refinery  
  41  5:11  SCV  
  42  5:23  SCV  
  43  5:37  Supply Depot  
  43  5:43  SCV  
  40  5:52  Marine x2  
  40  5:55  SCV  
  37  6:00  Supply Depot  
  37  6:07  SCV  
  37  6:10  Marine x2  
  46  6:18  Battlecruiser  
  46  6:19  SCV  
  46  6:21  Weapon Refit  
  47  6:28  Marine x2  
  47  6:31  SCV x2  
  51  6:43  SCV x2  
  51  6:44  Siege Tank  
  51  6:46  Marine x2  
  58  6:55  SCV  
  59  7:03  Marine  
  59  7:04  Marine  
  59  7:07  SCV  
  62  7:11  Battlecruiser  
  68  7:20  SCV  
  75  7:22  Battlecruiser  
  75  7:32  SCV  
  75  7:34  Missile Turret x3  
  75  7:36  Missile Turret  
  76  7:40  Missile Turret  
  76  7:49  SCV  
  77  8:09  Supply Depot  
  77  8:22  Battlecruiser  
  77  8:26  Command Center  
  83  8:33  Supply Depot  
  82  8:56  Supply Depot  
  82  9:09  Battlecruiser  
  88  9:18  Supply Depot  
  88  9:26  Battlecruiser  
  94  9:31  Command Center  
  94  9:41  Supply Depot  
  85  10:00  Command Center  
  85  10:04  Supply Depot  
  83  10:13  Battlecruiser  
  89  10:23  Supply Depot  
  89  10:26  Supply Depot  
  89  10:31  Battlecruiser  
  95  10:38  Armory  
  95  10:47  Supply Depot  
  94  11:10  Supply Depot  
  94  11:17  Battlecruiser  
  100  11:22  Marine x2  
  102  11:35  Battlecruiser  
  102  11:39  Marine  
  108  11:40  Marine  
  108  11:43  Terran Vehicle And Ship Armor Level 1  
  110  11:57  Supply Depot, Marine  
  110  11:58  Marine  
  112  12:05  SCV  
  113  12:15  Marine x2  
  113  12:17  SCV  
  113  12:21  Supply Depot, Battlecruiser  
  122  12:33  Marine x2  
  124  12:39  Battlecruiser  
  124  12:43  Supply Depot  
  130  12:51  Marine x2  
  124  13:06  Supply Depot  
  124  13:09  Marine x2  
  126  13:26  Battlecruiser  
  132  13:35  Command Center  
  132  13:37  Terran Ship Weapons Level 1  
  132  13:43  Supply Depot  
  126  14:41  Battlecruiser x2  
  138  14:51  Supply Depot  
  138  14:53  Planetary Fortress  
  138  15:43  Terran Vehicle And Ship Armor Level 2  
  138  15:45  Battlecruiser  
  138  15:46  Battlecruiser  
  127  16:32  SCV  
  128  16:50  Battlecruiser x2  
  139  16:54  Refinery  
  139  17:00  Refinery  
  139  17:54  Battlecruiser x2  
  151  17:59  Terran Ship Weapons Level 2  
  151  18:15  Command Center  
  75  19:49  Battlecruiser  
  51  20:38  SCV  
  51  20:40  Refinery  
  52  20:51  SCV  
  52  20:53  Battlecruiser  
  59  21:03  SCV  
  54  21:15  SCV  
  55  21:23  Command Center  
  55  21:24  Command Center  
  55  21:27  SCV  
  56  21:39  SCV  
  57  21:44  Refinery  
  57  21:45  Refinery  
  56  21:51  SCV  
  51  22:03  SCV  
  53  22:15  SCV  
  53  22:27  SCV  
  55  22:37  SCV x2  
  55  22:39  SCV  
  57  22:49  SCV x2  
  59  22:52  SCV  
  60  23:01  SCV x2  
  60  23:02  Battlecruiser  
  60  23:04  SCV  
  69  23:12  Battlecruiser  
  75  23:13  SCV x2  
  77  23:25  SCV x2  
  79  23:37  SCV x2  
  81  23:49  SCV  
  81  23:50  SCV  
  83  24:01  SCV  
  83  24:02  SCV  
  85  24:06  Planetary Fortress  
  85  24:09  Planetary Fortress  
  85  24:14  SCV x2  
  87  24:47  Battlecruiser  
  93  25:00  Refinery  
  55  26:12  SCV  
  56  26:24  SCV  
  57  26:37  SCV  
  64  26:40  Battlecruiser x2  
  70  26:49  SCV  
  71  27:01  SCV  
  72  27:05  SCV x2  
  74  27:11  Command Center  
  74  27:17  SCV  
  74  27:18  SCV  
  76  27:26  Supply Depot  
  76  27:29  SCV  
  77  27:30  SCV  
  78  27:39  Refinery  
  78  27:40  Refinery  
  78  27:42  SCV x2  
  86  27:47  Planetary Fortress  
  86  27:50  Supply Depot  
  92  27:54  SCV x2  
  94  28:12  Supply Depot  
  94  28:35  Supply Depot  
Show
View Real Time Build Order
Export as new Build Order

IzomSakál Zerg 

Build Orders: Hatch First, Swarm Host 

Get SALT Encoding   

  12  0:09  Drone  
  12  0:10  Drone  
  14  0:41  Hatchery  
  13  0:54  Spawning Pool  
  12  1:01  Overlord  
  12  1:09  Drone  
  13  1:37  Drone  
  14  1:49  Drone  
  15  1:56  Queen  
  15  1:57  Zergling x2  
  15  1:58  Spine Crawler  
  15  1:59  Spine Crawler  
  16  2:08  Zergling x2  
  17  2:17  Zergling x2  
  17  2:20  Drone  
  19  2:27  Zergling x2  
  20  2:48  Zergling x4  
  21  3:02  Zergling x2  
  22  3:10  Zergling x2  
  21  3:27  Queen  
  21  3:28  Drone  
  21  3:29  Zergling x2  
  19  3:43  Zergling x2  
  19  4:01  Spine Crawler, Zergling x2  
  19  4:02  Zergling x2  
  20  4:10  Queen  
  20  4:12  Drone x3  
  20  4:14  Extractor  
  18  4:50  Drone x3  
  18  4:52  Hatchery  
  20  5:05  Overlord  
  20  5:23  Drone x2  
  20  5:24  Drone  
  20  5:27  Extractor  
  22  5:33  Lair  
  22  5:55  Drone x6  
  28  6:18  Queen  
  28  6:19  Drone x2  
  32  6:29  Overlord x3  
  32  6:32  Overlord  
  32  6:38  Infestation Pit  
  31  6:54  Pneumatized Carapace  
  31  6:55  Drone x5  
  31  6:56  Drone  
  31  6:57  Drone  
  38  7:02  Extractor  
  38  7:04  Drone  
  38  7:06  Extractor  
  37  7:19  Nydus Network, Swarm Host x2  
  42  7:33  Drone x2  
  44  7:38  Overseer  
  44  7:44  Swarm Host x2  
  50  8:11  Hatchery  
  49  8:14  Swarm Host x2  
  49  8:15  Swarm Host x2  
  61  8:35  Nydus Canal  
  61  8:50  Swarm Host x2  
  61  8:53  Overlord x3  
  67  9:42  Drone x2, Queen  
  71  10:22  Swarm Host x5  
  71  10:24  Drone  
  71  10:25  Drone x2  
  71  10:28  Drone x3  
  91  10:34  Evolution Chamber  
  91  10:48  Nydus Canal  
  91  11:03  Drone x5  
  96  11:31  Nydus Canal  
  96  11:42  Zerg Melee Weapons Level 1  
  96  11:48  Drone, Extractor  
  96  11:49  Drone x2, Extractor  
  94  12:07  Nydus Canal  
  94  12:57  Nydus Canal  
  94  13:13  Drone x4  
  98  13:23  Hydralisk Den  
  98  13:26  Hive, Evolution Chamber  
  96  13:36  Zerg Ground Armor Level 1  
  96  14:15  Overseer  
  96  14:27  Nydus Canal  
  96  14:44  Overlord x3  
  96  14:45  Overlord x5  
  91  15:06  Nydus Canal  
  86  15:45  Nydus Canal  
  86  16:20  Nydus Canal  
  86  16:29  Zerg Melee Weapons Level 2  
  86  16:38  Nydus Canal  
  86  16:54  Nydus Canal  
  86  17:14  Swarm Host x2  
  86  17:15  Swarm Host x4  
  98  17:19  Queen  
  106  17:28  Nydus Canal  
  106  17:45  Nydus Canal  
  106  17:55  Queen  
  108  18:11  Nydus Canal  
  108  18:13  Hydralisk  
  108  18:14  Hydralisk x2  
  108  18:15  Hydralisk  
  108  18:16  Hydralisk x18  
  152  18:40  Zerg Missile Weapons Level 1  
  152  18:51  Hydralisk  
  152  18:55  Overlord x2  
  154  18:59  Overlord x4  
  150  19:20  Nydus Canal  
  110  19:54  Hydralisk  
  110  19:55  Hydralisk x3  
  118  20:01  Roach Warren  
  117  20:09  Nydus Canal  
  117  20:25  Nydus Canal  
  117  20:56  Nydus Canal  
  117  21:11  Nydus Canal  
  117  21:45  Burrow  
  117  21:53  Roach x5  
  127  21:54  Roach  
  127  21:55  Roach x6  
  127  21:56  Roach x2  
  127  21:57  Roach x17  
  179  22:06  Nydus Canal  
  179  22:48  Nydus Canal  
  169  23:38  Nydus Canal  
  169  23:56  Roach x3  
  169  23:57  Roach x3  
  169  23:58  Roach x8  
  197  24:46  Nydus Canal  
  197  25:26  Glial Reconstitution  
  197  25:53  Nydus Canal  
  197  26:31  Nydus Canal  
  197  27:05  Nydus Canal  
  188  27:48  Nydus Canal  
  184  28:15  Nydus Canal  
Show
View Real Time Build Order
Export as new Build Order

Nyck Terran 

Build Orders:  

Get SALT Encoding   

  12  0:00  SCV  
  13  0:12  SCV  
  14  0:19  Supply Depot  
  14  0:25  SCV  
  15  0:41  SCV  
  16  0:48  Barracks  
  16  0:53  SCV, Refinery  
  17  1:05  SCV  
  18  1:14  Refinery  
  18  1:17  SCV  
  19  1:23  Supply Depot  
  19  1:38  Marine  
  20  1:40  Barracks  
  20  1:48  Barracks  
  20  1:49  Orbital Command  
  20  2:16  Marine  
  21  2:27  SCV  
  22  2:31  Barracks Tech Lab  
  22  2:40  Barracks Tech Lab x2  
  21  2:58  Marauder x2  
  25  2:59  Marauder  
  25  3:51  Barracks  
  25  3:55  Marine x2, Barracks  
  25  4:01  SCV  
  28  4:10  Concussive Shells  
  28  4:13  Marine x2  
  30  4:39  Marine  
  31  4:45  Marine x2  
  31  4:46  Supply Depot, SCV  
  34  4:52  Command Center  
  34  4:55  Marine  
  34  4:57  Combat Shield, Marine  
  34  4:58  SCV  
  34  4:59  Stimpack  
  37  5:03  Marine x2  
  39  5:09  Factory  
  39  5:13  Marine  
  40  5:14  SCV  
  41  5:26  SCV  
  42  5:29  Supply Depot  
  42  5:31  Barracks Reactor  
  42  5:34  Marine x3  
  51  6:00  Starport  
  51  6:01  Factory Reactor  
  51  6:09  Reaper x3  
  51  6:10  Reaper x2  
  50  6:36  Engineering Bay  
  50  6:38  Engineering Bay  
  50  6:41  Reaper x2  
  50  6:42  Reaper x3  
  55  7:03  Medivac  
  57  7:13  Marine, Reaper x2  
  57  7:14  Marine x2  
  62  7:16  SCV  
  62  7:21  SCV  
  64  7:26  Terran Infantry Weapons Level 1  
  64  7:28  SCV  
  65  7:31  Marine x2  
  65  7:32  Marine  
  68  7:40  SCV, Terran Infantry Armor Level 1  
  69  7:45  Marine  
  70  7:56  Supply Depot  
  70  7:57  Supply Depot  
  70  8:18  SCV x2, Marine x5  
  77  8:21  Supply Depot  
  77  8:30  SCV x2  
  79  8:36  Marine x5  
  84  8:42  SCV x2  
  84  8:44  Refinery  
  84  8:46  Refinery  
  86  8:53  Marine x4  
  86  8:54  SCV x2  
  92  9:10  Supply Depot  
  92  9:12  Supply Depot, Marauder  
  94  9:17  Orbital Command  
  94  9:19  Marauder x2  
  73  9:40  Marauder  
  73  9:43  SCV  
  76  9:56  SCV  
  73  10:33  Supply Depot  
  73  10:35  Supply Depot  
  73  10:56  Marine x3  
  78  10:57  SCV x2  
  78  11:00  Supply Depot  
  78  11:17  Marine  
  78  11:18  Marine  
  78  11:22  SCV, Marine x3  
  78  11:23  Supply Depot  
  82  11:27  Orbital Command  
  82  11:45  Supply Depot  
  82  12:07  SCV, Marine  
  84  12:10  SCV  
  85  12:19  SCV  
  86  12:32  Supply Depot, SCV, Viking  
  88  12:57  Command Center  
  86  13:36  Supply Depot  
  86  13:57  Marine  
  86  13:59  Supply Depot  
  86  14:00  Marine x4, Medivac x2  
  95  14:09  SCV  
  96  14:18  Marine x2  
  96  14:21  SCV  
  96  14:22  Supply Depot  
  99  14:33  SCV  
  100  14:44  Supply Depot  
  100  14:45  SCV  
  101  14:48  Engineering Bay  
  101  14:53  Armory  
  101  14:57  SCV  
  94  15:09  SCV  
  93  15:15  Engineering Bay  
  93  15:24  Orbital Command  
  79  16:06  Orbital Command  
  77  16:34  SCV  
  78  16:47  SCV x2  
  80  16:59  SCV x2  
  82  17:11  SCV x2  
  83  17:23  SCV x2  
  82  17:35  SCV x2  
  84  17:47  SCV x2  
  84  17:50  Engineering Bay  
  86  17:59  SCV x2  
  88  18:11  SCV x2  
  90  18:17  Engineering Bay  
  90  18:23  SCV x2  
  92  18:48  SCV x2  
  94  18:49  Terran Infantry Weapons Level 2  
  94  19:06  SCV x2, Marine x2  
  94  19:11  Supply Depot  
  80  19:18  SCV x2  
  80  19:24  Marine x2  
  71  19:30  SCV x2  
  67  19:34  Supply Depot  
  67  19:43  Marine x2  
  67  19:57  Supply Depot  
  63  20:17  Marine x2  
  65  20:35  Marine x2  
  55  20:42  SCV  
  55  20:55  SCV  
  55  21:32  Command Center  
  42  22:12  Command Center  
  42  22:14  Command Center  
  42  22:16  Command Center  
  42  22:19  Supply Depot  
  42  22:20  Supply Depot x3  
  42  22:21  Supply Depot  
  42  22:22  Supply Depot  
  42  22:23  Supply Depot  
  42  22:25  Supply Depot  
  42  22:32  Barracks  
  42  22:47  Supply Depot  
  42  22:48  Supply Depot  
  42  22:57  Orbital Command  
  39  23:47  Engineering Bay  
  39  23:49  SCV  
  39  23:50  SCV  
  41  24:01  SCV  
  43  24:02  SCV  
  43  24:05  SCV  
  44  24:13  Planetary Fortress  
  44  24:15  SCV  
  45  24:17  Planetary Fortress  
  45  24:19  Planetary Fortress  
  45  24:26  Barracks  
  45  24:27  Barracks  
  45  24:31  SCV  
  46  24:43  SCV  
  47  24:55  SCV  
  48  25:07  SCV  
  48  25:10  Barracks Reactor  
  48  25:12  Barracks Reactor  
  49  25:14  Barracks Reactor  
  49  25:15  Barracks  
  49  25:25  Armory  
  49  25:30  SCV x4  
  49  25:31  Engineering Bay  
  53  25:42  SCV x3  
  56  25:47  Planetary Fortress  
  56  25:56  Marine x3  
  56  25:57  Marine x3  
  59  26:03  Barracks Tech Lab  
  62  26:12  Terran Infantry Armor Level 2  
  62  26:17  Refinery  
  62  26:18  Marine x2  
  62  26:19  Marine x4  
  68  26:29  Marine  
  69  26:33  SCV  
  69  26:34  SCV x3  
  69  26:36  Marine x3  
  69  26:37  Marine x2  
  69  26:38  Marine  
  79  26:46  SCV x2  
  82  26:47  SCV x2, Marine  
  84  26:54  Marine  
  82  27:04  SCV x3  
  82  27:08  Medivac  
  80  27:16  Marine x2  
  80  27:17  Marine x4  
  80  27:38  Medivac  
  73  27:44  Marine x3  
  73  27:45  Marine x3  
  79  27:52  Marine  
  79  27:56  SCV x3  
  83  28:02  Marine x4  
  85  28:08  SCV x2  
Show
View Real Time Build Order
Export as new Build Order

Ekelpack Zerg 

Build Orders: Hatch First, Roach Hydra 

Get SALT Encoding   

  12  0:00  Drone  
  13  0:08  Drone  
  14  0:34  Hatchery  
  13  0:36  Drone  
  14  0:45  Overlord  
  14  0:54  Drone, Extractor  
  14  1:03  Drone x2  
  16  1:10  Drone  
  17  1:23  Spawning Pool  
  17  1:24  Drone  
  17  1:42  Overlord  
  17  1:43  Drone  
  17  1:47  Drone  
  19  2:12  Roach Warren, Queen  
  19  2:14  Drone x2  
  22  2:17  Drone  
  22  2:20  Drone  
  24  2:26  Overlord  
  24  2:35  Drone  
  25  2:55  Roach x2  
  29  3:03  Roach x3  
  35  3:11  Roach  
  35  3:12  Roach  
  39  3:14  Overlord  
  37  3:42  Roach x4  
  37  3:43  Roach  
  47  3:50  Queen  
  51  4:00  Lair  
  49  4:03  Drone x2  
  49  4:05  Extractor  
  49  4:08  Extractor  
  47  4:26  Queen  
  47  4:27  Roach  
  47  4:28  Zergling x2, Overlord x2  
  47  4:29  Overlord  
  52  4:36  Overlord x2  
  52  4:37  Extractor  
  51  5:04  Drone x3  
  54  5:14  Drone x3  
  54  5:19  Hydralisk Den  
  56  5:31  Glial Reconstitution  
  55  5:39  Roach x2  
  55  5:40  Roach x4  
  53  6:03  Drone x3  
  53  6:04  Drone x2  
  56  6:11  Drone x3  
  56  6:12  Drone x3  
  62  6:21  Evolution Chamber  
  62  6:23  Evolution Chamber  
  60  6:29  Grooved Spines  
  60  6:34  Hatchery  
  59  6:47  Zerg Missile Weapons Level 1  
  59  6:49  Zerg Ground Armor Level 1  
  59  7:09  Hydralisk x2  
  59  7:10  Hydralisk x6  
  59  7:15  Overlord  
  75  7:21  Muscular Augments  
  75  7:36  Overlord  
  75  7:38  Drone x3  
  75  7:39  Drone x4  
  82  7:55  Drone x4  
  86  8:03  Drone  
  86  8:04  Drone x3  
  90  8:09  Extractor  
  90  8:10  Drone  
  90  8:11  Drone, Extractor  
  90  8:25  Hydralisk x2  
  90  8:26  Hydralisk x3  
  100  8:35  Drone  
  101  8:44  Zerg Missile Weapons Level 2  
  101  8:45  Zerg Ground Armor Level 2  
  101  9:07  Pneumatized Carapace  
  101  9:08  Overlord  
  101  9:09  Overlord, Hydralisk x5  
  105  9:10  Hydralisk  
  105  9:12  Overlord  
  113  9:45  Infestation Pit  
  112  9:48  Hydralisk x5  
  112  9:49  Hydralisk x7  
  112  9:50  Overlord, Hydralisk  
  138  10:47  Hydralisk x2  
  138  10:48  Hydralisk x2  
  138  10:49  Overlord  
  146  10:50  Overlord x5  
  146  11:04  Hive  
  140  11:41  Hydralisk x7  
  140  11:42  Hydralisk x5  
  140  11:43  Hydralisk x6  
  140  11:44  Hydralisk x6  
  140  11:45  Hydralisk x2  
  140  11:46  Queen  
  180  12:20  Zerg Missile Weapons Level 3  
  180  12:21  Zerg Ground Armor Level 3  
  180  12:29  Ultralisk Cavern  
  177  13:01  Zergling x12  
  177  13:02  Zergling x8, Overlord x2  
  177  13:03  Zergling x6  
  190  13:08  Adrenal Glands  
  182  13:56  Ultralisk x3  
  200  14:29  Anabolic Synthesis  
  200  14:41  Metabolic Boost  
  200  14:47  Hatchery  
  199  14:58  Zerg Melee Weapons Level 1  
  170  15:55  Hydralisk x4  
  170  15:56  Hydralisk x7  
  170  15:57  Hydralisk x6  
  184  16:27  Extractor  
  184  16:28  Extractor  
  184  16:32  Hydralisk x5  
  184  16:33  Hydralisk x3  
  198  17:17  Overlord  
  198  17:25  Drone  
  199  17:48  Zerg Melee Weapons Level 2  
  199  17:50  Chitinous Plating  
  196  18:22  Hydralisk x2  
  192  18:44  Hydralisk  
  192  18:45  Hydralisk x3  
  129  19:02  Hydralisk  
  129  19:03  Hydralisk x7  
  129  19:09  Hydralisk x4  
  127  19:10  Hydralisk x6  
  127  19:11  Hydralisk x2  
  120  19:27  Hydralisk  
  120  19:28  Hydralisk x5  
  106  19:36  Hydralisk x3  
  92  19:47  Hydralisk  
  92  19:48  Hydralisk x4  
  97  19:54  Hydralisk x2  
  83  20:07  Hydralisk  
  83  20:08  Hydralisk x4  
  75  20:18  Hydralisk x2  
  75  20:19  Hydralisk x2  
  74  20:27  Hydralisk x5  
  67  20:48  Hydralisk x2  
  67  20:49  Hydralisk x4  
  69  21:12  Hydralisk x4  
  77  21:34  Hydralisk x7  
  77  21:35  Hydralisk x5  
  77  21:36  Hydralisk  
  95  21:54  Zergling x6  
  95  21:55  Zergling x4  
  95  21:57  Zerg Melee Weapons Level 3  
  100  22:23  Hatchery  
  99  22:46  Hydralisk x2  
  99  22:47  Hydralisk x3  
  99  22:48  Zergling x8  
  93  23:38  Extractor  
  93  23:39  Drone x5, Extractor  
  87  24:38  Zergling x12  
  31  26:00  Zergling x10  
  31  26:01  Zergling x2  
  33  26:04  Queen  
  2  26:37  Drone x6  
  8  26:55  Zergling x2  
  8  26:56  Zergling x2  
  10  27:02  Zergling x4  
  12  27:15  Zergling x2  
  12  27:16  Zergling x2  
  12  27:22  Hatchery  
  12  27:55  Drone x4  
  12  27:56  Drone x6  
  12  27:57  Drone x2  
  22  27:59  Queen  
Tags
 
Add a new tag
Caveats
  • Supply blocks, unpowered buildings, or Contaminate may cause inaccurate times.
  • Supply counts are checked every 10 seconds.